[Event "Late-Titled-Tuesday-Blitz-January-16-2024"]
[Site "Chess.com"]
[Date "2024.01.16"]
[Round "5"]
[White "Filipets"]
[Black "AlexLongson"]
[Result "1-0"]
[WhiteElo "2569"]
[BlackElo "2347"]
[TimeControl "180+1"]
[EndTime "14:52:44 PST"]
[Termination "Filipets won on time"]

1. c4 e6 2. Nf3 d5 3. g3 dxc4 4. Bg2 Nf6 5. O-O c5 6. Na3 Nc6 7. Nxc4 Be7 8. b3 O-O 9. Bb2 Bd7 10. Nce5 Rc8 11. Rc1 Nd5 12. Nxd7 Qxd7 13. d4 cxd4 14. Nxd4 Nxd4 15. Qxd4 Bf6 16. Qd2 Bxb2 17. Qxb2 Qb5 18. Qd4 Qxe2 19. Rxc8 Rxc8 20. Qxa7 b5 21. Qb7 Rd8 22.
a4 bxa4 23. bxa4 Qa2 24. Bxd5 exd5 25. Re1 Qxa4 26. Re7 Qa1+ 27. Kg2 Qf6 28. Qc7 Rf8 29. Qd7 Qf5 30. Qxf5 1-0

[Event "Late-Titled-Tuesday-Blitz-January-16-2024"]
[Site "Chess.com"]
[Date "2024.01.16"]
[Round "5"]
[White "sofaceindisguise"]
[Black "VerdeNotte"]
[Result "0-1"]
[WhiteElo "2667"]
[BlackElo "2883"]
[TimeControl "180+1"]
[EndTime "14:52:45 PST"]
[Termination "VerdeNotte won by resignation"]

1. d4 d5 2. c4 e6 3. Nc3 a6 4.
cxd5 exd5 5. Bf4 Nf6 6. e3 Bd6 7. Bg3 O-O 8. Bd3 Re8 9. Nf3 Bg4 10.
O-O Bxg3 11. hxg3 Qd6 12. Qc2 Bxf3 13. gxf3 Nbd7 14. Kg2 c5 15. dxc5 Nxc5 16. Rh1 g6 17. Rad1 Qc6 18. Ne2 Ne6 19. Qxc6 bxc6 20. f4 a5 21. f5 Nc5 22. fxg6 hxg6 23. Nd4 Nxd3 24. Rxd3 c5 25. Nb5 Rab8 26. a4 Re4 27. b3 Rb4 28.
Rc1 c4 29. bxc4 dxc4 30. Rd4 Rxa4 31. Nd6 Rd8 32. Nxc4 Rxd4 33. exd4 Nd5 34. Ne3 Rxd4 35. Nxd5 Rxd5 36. Rc7 a4 37. Ra7 Rd4 38. Kf3 g5 39.
Ke2 Kg7 40. Ke3 Rb4 41. Kf3 g4+ 42. Ke3 Kf6 43. Kd3 Ke6 44. Ra6+ Kd5 45. Kc3 Rb3+ 46. Kc2 Rf3 47. Rxa4 Rxf2+ 48. Kd3 Rf3+ 49. Ke2 f5 50. Ra5+ Ke6 51. Ra6+ Ke5 52. Ra5+ Kf6 53. Ra6+ Kg5 0-1

[Event "Late-Titled-Tuesday-Blitz-January-16-2024"]
[Site "Chess.com"]
[Date "2024.01.16"]
[Round "5"]
[White "mortngabriel"]
[Black "NoHeThTo"]
[Result "0-1"]
[WhiteElo "2522"]
[BlackElo "2708"]
[TimeControl "180+1"]
[EndTime "14:52:45 PST"]
[Termination "NoHeThTo won on time"]

1. e4 c6 2. Nf3 d6 3. d4 Nd7 4.
a4 a5 5. Nc3 e5 6. Bc4 Ngf6 7.
dxe5 dxe5 8. Ng5 Bc5 9. Nxf7 Qb6 10. Nxh8 Bxf2+ 11. Kf1 Bd4 12. Nf7 Qc5 13. Qe2 Nb6 14.
h3 Nxc4 15. Ng5 b6 16. Ke1 Ba6 17. Qf3 Ke7 18. Rf1 Rf8 19. Qf5 Bc8 20. Qf3 h6 21. h4 hxg5 22. Bxg5 Qb4 23. Rd1 Nxb2 24. Rxd4 exd4 25.
e5 Qxc3+ 26. Qxc3 dxc3 27. exf6+ gxf6 0-1

[Event "Late-Titled-Tuesday-Blitz-January-16-2024"]
[Site "Chess.com"]
[Date "2024.01.16"]
[Round "5"]
[White "Nick12772"]
[Black "th3d4rkness"]
[Result "1-0"]
[WhiteElo "2339"]
[BlackElo "2101"]
[TimeControl "180+1"]
[EndTime "14:52:45 PST"]
[Termination "Nick12772 won by resignation"]

1. Nf3 Nf6 2. g3 g6 3. Bg2 Bg7 4. O-O O-O 5. c4 d6 6. Nc3 c5 7. d3 Nc6 8. Rb1 Bd7 9. a3 a5 10. Ne1 Rc8 11. Nc2 b6 12. b4 axb4 13. axb4 Nd4 14. e3 Nxc2 15. Qxc2 Bc6 16. e4 Ng4 17. b5 Bb7 18. Bh3 f5 19. exf5 gxf5 20. Bg2 Bxg2 21. Kxg2 Qd7 22. Nd5 e6 23. Nf4 Be5 24. f3 Bxf4 25. Bxf4 Nf6 26. Ra1 Ra8 27. Qe2 e5 28. Bh6 Rfe8 29. Bg5 Qe6 30. Qb2 Nd7 31. Rxa8 Rxa8 32.
Ra1 Qe8 33. Ra6 Rxa6 34. bxa6 Qb8 35. Qb5 Qc7 36. Bh6 Kf7 37. Qa4 Qa7 38. Qc6 Ke6 39. Qd5+ Ke7 40. Bg5+ Ke8 41. Qe6+ 1-0

[Event "Late-Titled-Tuesday-Blitz-January-16-2024"]
[Site "Chess.com"]
[Date "2024.01.16"]
[Round "5"]
[White "Zhigalko_Sergei"]
[Black "mishanick"]
[Result "0-1"]
[WhiteElo "2971"]
[BlackElo "3092"]
[TimeControl "180+1"]
[EndTime "14:52:47 PST"]
[Termination "mishanick won on time"]

1. e4 c5 2. Nf3 e6 3. c3 d5 4. e5 d4 5. Bd3 Bd7 6. O-O Bc6 7. Na3 Ne7 8. cxd4 cxd4 9. Nc2 Ng6 10. Ncxd4 Nxe5 11. Nxc6 Nexc6 12. Be4 Be7 13. d4 O-O 14. Be3 Bf6 15. Rc1 h6 16. Bb1 Nb4 17. a3 Nd5 18. Qd3 Re8 19. Ne5 Nd7 20. Ng4 Kf8 21. Qh7 Qb6 22.
Rfe1 Qxb2 23. Bxh6 Qxd4 24. Re4 Qb2 25. Rce1 Ke7 26.
Bxg7 Bxg7 27. Qxg7 Qxg7 0-1

[Event "Late-Titled-Tuesday-Blitz-January-16-2024"]
[Site "Chess.com"]
[Date "2024.01.16"]
[Round "5"]
[White "Lion-Al-Messi"]
[Black "Redzishchess"]
[Result "1-0"]
[WhiteElo "2608"]
[BlackElo "2456"]
[TimeControl "180+1"]
[EndTime "14:52:48 PST"]
[Termination "Lion-Al-Messi won by resignation"]

1. e4 c5 2. Nf3 d6 3. d4 cxd4 4. Nxd4 Nf6 5. Nc3 g6 6. Be2 Bg7 7. O-O O-O 8. Be3 Nc6 9. h3 d5 10. exd5 Nxd5 11. Nxd5 Nxd4 12. Bxd4 Qxd5 13. Bxg7 Qxd1 14.
Raxd1 Kxg7 15. Rfe1 Bf5 16. Bf3 Be6 17. Bd5 Bxd5 18.
Rxd5 e6 19. Rd7 Rab8 20. Red1 Rfc8 21. c3 Kf6 22. R1d3 Rf8 23. Rc7 a5 24. Rdd7 b5 25. Rb7 b4 26. cxb4 axb4 27. Rxf7+ Rxf7 28. Rxb8 Ra7 29. Rxb4 Rxa2 30. Rb7 Ra1+ 31. Kh2 Rb1 32. h4 h5 33. b4 Kf5 34. b5 Kg4 35. g3 Rb2 36.
Kg2 e5 37. b6 e4 38. Rf7 g5 39.
Rg7 Kf5 40. Rxg5+ Kf6 41. Kg1 Rb1+ 42. Kg2 Rb2 43. Kf1 Rb1+ 44. Ke2 Rxb6 45. Rxh5 Rb3 46. Rh8 Kg6 47. Rg8+ Kf5 48. Rf8+ Ke5 49. Re8+ Kf5 50. h5 Kg5 51. Rxe4 Kxh5 52. Re3 Rb2+ 53. Kf3 Kg5 54. Re5+ Kf6 55. Ra5 Rb3+ 56. Kg4 Rb4+ 57. f4 Rb3 58. Ra6+ Kg7 59. Kh4 Kh7 60. g4 Rf3 61. f5 Rf2 62.
Kg5 Kg8 63. Ra8+ Kf7 64. Ra7+ Kg8 65. Kg6 Kf8 66. f6 Re2 67. Ra8+ Re8 68. Rxe8+ Kxe8 69. Kg7 1-0

[Event "Late-Titled-Tuesday-Blitz-January-16-2024"]
[Site "Chess.com"]
[Date "2024.01.16"]
[Round "5"]
[White "Matrix3x3a"]
[Black "vova-79"]
[Result "1-0"]
[WhiteElo "2480"]
[BlackElo "2597"]
[TimeControl "180+1"]
[EndTime "14:52:51 PST"]
[Termination "Matrix3x3a won by resignation"]

1. d4 d5 2. c4 c6 3. Nc3 Nf6 4.
Nf3 e6 5. Bg5 h6 6. Bh4 dxc4 7.
e4 b5 8. e5 g5 9. Nxg5 hxg5 10.
Bxg5 Be7 11. exf6 Bxf6 12. Bxf6 Qxf6 13. g3 Na6 14. Bg2 Bb7 15. Ne4 Qe7 16. O-O O-O-O 17.
h4 c5 18. a4 Rxd4 19. Qe2 b4 20. Rad1 Rhd8 21. Rxd4 Rxd4 22. Rc1 Nc7 23. Nd2 Bxg2 24. Kxg2 Nd5 25. Rxc4 Rxc4 26. Qxc4 Nb6 27. Qa6+ Kb8 28. a5 Nd5 29. Nc4 Qb7 30. Qxb7+ Kxb7 31. Nd6+ Kc6 32. Nxf7 c4 33. Ne5+ Kc5 34. h5 Kd4 35. Nd7 c3 36.
bxc3+ bxc3 37. h6 Ne7 38. Nf8 c2 39. h7 c1=Q 40. h8=Q+ Kd5 41. Qh5+ e5 42. Qf3+ e4 43. Qf7+ Kd4 44. Qxe7 Qc6 45. Qd7+ Qxd7 46. Nxd7 1-0

[Event "Late-Titled-Tuesday-Blitz-January-16-2024"]
[Site "Chess.com"]
[Date "2024.01.16"]
[Round "5"]
[White "laskakid"]
[Black "jup1978"]
[Result "0-1"]
[WhiteElo "2315"]
[BlackElo "2483"]
[TimeControl "180+1"]
[EndTime "14:52:55 PST"]
[Termination "jup1978 won on time"]

1. d4 Nf6 2. c4 e6 3. Nc3 Bb4 4.
Qc2 O-O 5. e4 d5 6. e5 Ne4 7. Bd3 Bxc3+ 8. bxc3 f5 9. exf6 Nxf6 10. Bg5 h6 11. Bh4 c5 12. Nf3 cxd4 13. cxd4 Qa5+ 14. Nd2 Nc6 15. Qb2 dxc4 16. Bxc4 Ne4 17. Rd1 Qh5 18. Nxe4 Qxh4 19. Ng3 Kh8 20. O-O e5 21.
Bd5 Nxd4 22. Rfe1 Bg4 23. f3 Be6 24. Bxe6 Nxe6 25. Qxe5 Rae8 26. Rd7 Qg5 27. Qc3 Nf4 28. Rxe8 Rxe8 29. Qb2 Qc5+ 30. Kf1 Qc4+ 31. Kf2 Nd3+ 0-1

[Event "Late-Titled-Tuesday-Blitz-January-16-2024"]
[Site "Chess.com"]
[Date "2024.01.16"]
[Round "5"]
[White "campochess"]
[Black "dianamirza"]
[Result "0-1"]
[WhiteElo "2127"]
[BlackElo "2007"]
[TimeControl "180+1"]
[EndTime "14:52:55 PST"]
[Termination "dianamirza won by resignation"]

1. e4 c5 2. b4 cxb4 3. d4 g6 4. Bb2 Bg7 5. Nf3 d6 6. h3 Nc6 7.
a3 bxa3 8. Rxa3 Nf6 9. Bd3 O-O 10. c3 Nd7 11. Nbd2 e5 12. d5 Ne7 13. Nb3 f5 14.
O-O Nc5 15. Nxc5 dxc5 16. c4 f4 17. Bxe5 Bxe5 18. Nxe5 g5 19. Qa1 a6 20. Ng4 Kf7 21.
e5 Bxg4 22. hxg4 Ng6 23. e6+ Ke8 24. Rb3 Rb8 25. Bxg6+ hxg6 26. d6 Qxd6 27. Rd3 Qxd3 28.
Qe5 Rd8 29. Qxc5 Qd6 30. Qxg5 Qxe6 31. Qa5 Kf7 32. Re1 Qxc4 33. Qa3 Rfe8 34. Rc1 Qe6 35. Qh3 Rd5 36. Qh7+ Kf6 37. Qh4+ Rg5 38. Qh3 Qxg4 39. Qc3+ Kf7 40. Qc7+ Re7 41. Qc4+ Qe6 42. Qxf4+ Rf5 43. Qh6 Qe1+ 44. Rxe1 Rxe1+ 45. Kh2 Rh5+ 0-1

[Event "Late-Titled-Tuesday-Blitz-January-16-2024"]
[Site "Chess.com"]
[Date "2024.01.16"]
[Round "5"]
[White "Mariia89"]
[Black "dosto07"]
[Result "0-1"]
[WhiteElo "2217"]
[BlackElo "2537"]
[TimeControl "180+1"]
[EndTime "14:52:56 PST"]
[Termination "dosto07 won on time"]

1. d4 Nf6 2. Nf3 d5 3. c4 dxc4 4. e3 e6 5. Bxc4 a6 6. Nc3 b5 7. Bd3 Bb7 8. O-O c5 9. Re1 Nc6 10. dxc5 Bxc5 11. b3 O-O 12. Bb2 Nb4 13. Ne5 Bd6 14.
Ng4 Nxg4 15. Bxh7+ Kxh7 16. Qxg4 Nd3 17. Ne4 Nxb2 18.
Ng5+ Kg8 19. Qh5 Be4 20. Nxe4 Be7 21. Rab1 Qd5 22. Qf3 f5 23. Nc3 Qxf3 24. gxf3 Bf6 25. Ne2 Rfd8 26. Nf4 Kf7 27. Re2 Nd3 28. Ng2 Rac8 29. e4 f4 30. h4 Rd7 31. h5 Rcd8 32. Kh2 Ne5 0-1

[Event "Late-Titled-Tuesday-Blitz-January-16-2024"]
[Site "Chess.com"]
[Date "2024.01.16"]
[Round "5"]
[White "Sacbutt"]
[Black "2346PL"]
[Result "0-1"]
[WhiteElo "2348"]
[BlackElo "2524"]
[TimeControl "180+1"]
[EndTime "14:52:57 PST"]
[Termination "2346PL won on time"]

1. e4 c5 2. Nf3 Nf6 3. Nc3 d5 4.
exd5 Nxd5 5. Bc4 Nxc3 6. bxc3 e6 7. O-O Be7 8. d4 O-O 9. Be3 Nd7 10. Rb1 b6 11. Qe2 Bb7 12. Rfd1 Qc7 13. Bd3 c4 14.
Bxc4 Bxf3 15. gxf3 Rac8 16. Ba6 Rb8 17. c4 Bd6 18. h3 Nf6 19. d5 Rfe8 20. Bb5 Re7 21. Qd2 Nh5 22. Rb3 e5 23. Bc6 h6 24. a4 f5 25. c5 bxc5 26. Qc3 f4 27. Bxc5 Rxb3 28. cxb3 e4 29. Bxd6 Qxd6 30. fxe4 f3 31. Qxf3 Nf4 32. Re1 Qe5 33. Re3 Rf7 34. Qg4 Rf6 35. Kh1 Rg6 36. Qc8+ Kh7 37. Rg3 Qxe4+ 38. Kh2 Rxg3 39. Kxg3 Ne2+ 40.
Kh2 Qf4+ 41. Kg2 Nd4 42. Qg4 Qe5 43. Bd7 g6 44. Be6 h5 45. Qg3 Qf6 0-1

[Event "Late-Titled-Tuesday-Blitz-January-16-2024"]
[Site "Chess.com"]
[Date "2024.01.16"]
[Round "5"]
[White "Walter_White_Poland"]
[Black "masnyszachistaaa"]
[Result "0-1"]
[WhiteElo "2335"]
[BlackElo "2515"]
[TimeControl "180+1"]
[EndTime "14:52:59 PST"]
[Termination "masnyszachistaaa won on time"]

1. d4 Nf6 2. Bf4 d5 3. e3 c5 4. c3 Nc6 5. Nd2 Bf5 6. Qb3 Qc8 7. Ngf3 e6 8. Nh4 Bg4 9. h3 Bh5 10. g4 Bg6 11. Nxg6 hxg6 12. Bg2 Be7 13. O-O O-O 14.
Bg3 Rd8 15. Rae1 Qd7 16. Kh2 Rac8 17. dxc5 Bxc5 18. e4 dxe4 19. Nxe4 Nxe4 20. Bxe4 Qe7 21. Rd1 Bd6 22. Bxc6 Rxc6 23. Bxd6 Rcxd6 24. Rxd6 Qxd6+ 25. Kg2 Rd7 26. Qc4 b6 27. Qe4 Qd2 28. Rb1 Rd5 29. a3 Qg5 30. Re1 Qd8 31. Re2 b5 32. Qf3 a6 33.
Qe4 Rd3 34. Qe5 Rd1 35. Qe4 Qd6 36. Qf3 Rd5 37. Qe4 g5 38. Qf3 g6 39. Qe4 Rd3 40.
Qe5 Qd8 41. Qe4 Rd1 42. Qe5 Rc1 43. Qe3 Qd1 0-1

[Event "Late-Titled-Tuesday-Blitz-January-16-2024"]
[Site "Chess.com"]
[Date "2024.01.16"]
[Round "5"]
[White "Elsa167"]
[Black "djano"]
[Result "1-0"]
[WhiteElo "2857"]
[BlackElo "2639"]
[TimeControl "180+1"]
[EndTime "14:53:00 PST"]
[Termination "Elsa167 won by resignation"]

1. d4 d5 2. c4 e6 3. Nf3 c5 4. e3 Nf6 5. a3 Nc6 6. dxc5 Bxc5 7. b4 Bd6 8. Bb2 O-O 9. Nbd2 Qe7 10. Be2 a5 11. b5 Nb8 12. cxd5 exd5 13. Nd4 Ne4 14.
Nxe4 dxe4 15. O-O Qh4 16. g3 Qe7 17. Rc1 Bh3 18. Re1 Nd7 19. Bg4 Bxg4 20. Qxg4 Nf6 21.
Qh4 Qe5 22. Rc2 Qd5 23. Rd2 Rfe8 24. Red1 Bf8 25. Ne2 Qxb5 26. Bxf6 gxf6 27. Qxf6 Ra6 28. Qh4 Rae6 29. Nd4 Qe5 30. Nxe6 Qxe6 31. Rd8 b5 32.
Qg5+ Kh8 33. Rxe8 Qxe8 34. Rd8 1-0

[Event "Late-Titled-Tuesday-Blitz-January-16-2024"]
[Site "Chess.com"]
[Date "2024.01.16"]
[Round "5"]
[White "pirulillo"]
[Black "adic2020"]
[Result "0-1"]
[WhiteElo "2268"]
[BlackElo "2435"]
[TimeControl "180+1"]
[EndTime "14:53:00 PST"]
[Termination "adic2020 won on time"]

1. e4 g6 2. d4 Bg7 3. Nc3 a6 4. f4 b5 5. a3 Bb7 6. Nf3 d6 7. Bd3 Nd7 8. e5 Nh6 9. Qe2 O-O 10. O-O c5 11. e6 cxd4 12. Ne4 f5 13. Neg5 Nc5 14.
h3 Rc8 15. Bd2 Qb6 16. Kh1 Bd5 17. Rae1 Qb7 18. Bb4 Qa8 19. Qf2 Ne4 20. Qh4 a5 21. Bxe4 fxe4 22. Nf7 exf3 23. Nxh6+ Bxh6 24. Qxh6 fxg2+ 25. Kh2 gxf1=Q 26. Rxf1 Rf6 27. Rg1 Bxe6 28. f5 Rxc2+ 29.
Kg3 Qe4 0-1

[Event "Late-Titled-Tuesday-Blitz-January-16-2024"]
[Site "Chess.com"]
[Date "2024.01.16"]
[Round "5"]
[White "gxbg2000"]
[Black "SilencerBaba"]
[Result "0-1"]
[WhiteElo "2071"]
[BlackElo "2311"]
[TimeControl "180+1"]
[EndTime "14:53:02 PST"]
[Termination "SilencerBaba won by resignation"]

1. e4 c5 2. Nf3 e6 3. d4 cxd4 4.
Nxd4 a6 5. Be3 Qc7 6. Bd3 Nf6 7. h3 Nc6 8. O-O Ne5 9. Nc3 Nxd3 10. cxd3 Be7 11.
Rc1 Qb8 12. Qd2 O-O 13. Bf4 d6 14. Bh2 Bd7 15. b4 Rc8 16. a3 Qa7 17. Nde2 Rc7 18. Na2 Rac8 19. Rxc7 Rxc7 20. Rc1 Qb8 21. Rc3 Qc8 22. Qc2 Rxc3 23. Qxc3 Qxc3 24. Naxc3 h5 25. Nd4 h4 26. Kf1 Ne8 27. Ke2 Nc7 28. Ke3 g6 29. a4 e5 30. Nb3 Be6 31. Na5 b6 32. Nc6 Bf6 33. b5 axb5 34. Nxb5 Nxb5 35. axb5 Bb3 36. f4 exf4+ 37. Bxf4 d5 38. e5 Bg7 39. Kd4 Bf8 40. Kc3 Ba4 41. Na7 Be7 42. Be3 Bd8 43. Kb4 Bc2 44.
Kc3 Bd1 45. Nc6 Bc7 46. Ne7+ Kf8 47. Nxd5 Bxe5+ 48. d4 Bg3 49. Nxb6 Be2 50. Nc4 Bf1 51. b6 Bxg2 52. Na5 Bxh3 53. b7 Bg2 54. Bg5 h3 55. Bf4 Bxf4 56. Kd3 h2 57. Kc4 Bxb7 58. d5 h1=Q 0-1

[Event "Late-Titled-Tuesday-Blitz-January-16-2024"]
[Site "Chess.com"]
[Date "2024.01.16"]
[Round "5"]
[White "JM2005GM"]
[Black "GrotBchess"]
[Result "0-1"]
[WhiteElo "2544"]
[BlackElo "2334"]
[TimeControl "180+1"]
[EndTime "14:53:04 PST"]
[Termination "GrotBchess won by resignation"]

1. e4 c5 2. Nf3 e6 3. d4 cxd4 4. Nxd4 Nc6 5. Nc3 Qc7 6. a3 a6 7. Be3 Nf6 8. f4 d6 9. Qf3 Nxd4 10. Bxd4 b5 11. O-O-O Bb7 12. Bd3 Rc8 13. Kb1 Be7 14. g4 Rg8 15. g5 Nd7 16. Qh5 Nf8 17. Rhf1 h6 18. gxh6 gxh6 19. Qxh6 Rg2 20. Qh3 Rg8 21.
Rg1 Rxg1 22. Rxg1 e5 23. Be3 exf4 24. Bxf4 Ng6 25. Rxg6 fxg6 26. e5 Qc5 27. exd6 Bxd6 28. Qe6+ Be7 29. Bxg6+ Kd8 30. Bf5 Rc7 31. Bxc7+ Kxc7 32.
Qd7+ Kb8 33. Qd2 Bf6 34. Ne4 Qxf5 35. Nd6 Qe5 36. c3 Bd5 0-1

[Event "Late-Titled-Tuesday-Blitz-January-16-2024"]
[Site "Chess.com"]
[Date "2024.01.16"]
[Round "5"]
[White "MrChessSponge"]
[Black "pr1105"]
[Result "1-0"]
[WhiteElo "2553"]
[BlackElo "2272"]
[TimeControl "180+1"]
[EndTime "14:53:04 PST"]
[Termination "MrChessSponge won by resignation"]

1. e4 e5 2. Nf3 Nc6 3. Bc4 Bc5 4.
c3 Nf6 5. d3 d6 6. a4 a5 7. O-O O-O 8. h3 h6 9. Re1 Ba7 10.
Nbd2 Be6 11. Bxe6 fxe6 12. Qb3 Qd7 13. Nc4 Rab8 14. Be3 Bxe3 15. fxe3 b6 16. Qb5 Ne7 17. Qxd7 Nxd7 18. d4 Ng6 19. h4 h5 20. Rf1 Rbe8 21.
g3 exd4 22. exd4 e5 23. Ng5 exd4 24. cxd4 Nf6 25. Rae1 d5 26. exd5 Nxd5 27. Rxf8+ Kxf8 28. Ne5 Nxe5 29. dxe5 Ke7 30. Rc1 Kd7 31. e6+ Kd6 32.
Rf1 Re7 33. Rf8 c5 34. Rb8 c4 35. Rd8+ Kc5 36. Rd7 Kc6 37. Rd8 Kc5 38. Kf2 Kb4 39. Rxd5 Kxa4 40. Ke3 1-0

[Event "Late-Titled-Tuesday-Blitz-January-16-2024"]
[Site "Chess.com"]
[Date "2024.01.16"]
[Round "5"]
[White "GianmarcoVaR"]
[Black "OparinGrigoriy"]
[Result "0-1"]
[WhiteElo "2735"]
[BlackElo "3048"]
[TimeControl "180+1"]
[EndTime "14:53:09 PST"]
[Termination "OparinGrigoriy won by resignation"]

1. d4 f5 2. Nf3 Nf6 3. Bf4 d6 4. e3 e6 5. Nbd2 Be7 6. Bc4 O-O 7. h3 Nc6 8. Qe2 Qe8 9. Bh2 Kh8 10. c3 a6 11. Bb3 Bd7 12. O-O Qg6 13. Rae1 Ne4 14. Nxe4 fxe4 15. Nd2 e5 16. Kh1 Bh4 17. Bd5 Bf5 18.
g4 Bd7 19. Bxe4 Qh6 20. dxe5 Nxe5 21. Rd1 Rae8 22. Kg1 Bb5 23. c4 Nxc4 24. Bd3 Nxd2 25. Qxd2 Bc6 26. e4 Qxd2 27. Rxd2 Bxe4 28. Bxe4 Rxe4 29.
Rc2 Bd8 30. f4 g6 31. Bg3 d5 32. Kg2 c6 33. Rf3 Bc7 34. Rcf2 Bb6 35. Rd2 Kg7 36.
Bf2 Bxf2 37. Rdxf2 Kf6 38. f5 g5 39. Rb3 Rf7 40. Rc2 Rfe7 41. Kf2 h5 42. Rg3 Rf4+ 43.
Kg2 Ree4 44. Rf2 hxg4 45. Rxf4 gxh3+ 46. Kxh3 Rxf4 47. Rb3 b5 48. Ra3 Ra4 49. Rxa4 bxa4 50. Kg4 c5 0-1

[Event "Late-Titled-Tuesday-Blitz-January-16-2024"]
[Site "Chess.com"]
[Date "2024.01.16"]
[Round "5"]
[White "mbchess97"]
[Black "RichardLeyvaP"]
[Result "0-1"]
[WhiteElo "2384"]
[BlackElo "2528"]
[TimeControl "180+1"]
[EndTime "14:53:09 PST"]
[Termination "RichardLeyvaP won by resignation"]

1. c4 g6 2. g3 Bg7 3. Bg2 Nf6 4. Nc3 O-O 5. d4 d6 6. h3 c6 7. e4 e5 8. Nf3 Nbd7 9. O-O Qb6 10. c5 dxc5 11.
dxe5 Ne8 12. e6 fxe6 13. Ng5 Ne5 14. f4 c4+ 15. Kh2 Nd3 16. e5 Nc7 17. Qe2 Nd5 18.
Nce4 Bd7 19. b3 Nxc1 20. Rfxc1 cxb3 21. axb3 Rae8 22. Nd6 Re7 23. Nge4 Bc8 24. Nc5 a6 25. h4 Qc7 26. Be4 Rd8 27. h5 Rxd6 28. exd6 Qxd6 29.
hxg6 hxg6 30. Qg4 Bxa1 31. Bxg6 Rg7 32. Ne4 Qf8 33. Rxa1 e5 34. Qh5 exf4 35. Ng5 fxg3+ 36. Kg1 Qf2+ 37. Kh1 g2+ 0-1

[Event "Late-Titled-Tuesday-Blitz-January-16-2024"]
[Site "Chess.com"]
[Date "2024.01.16"]
[Round "5"]
[White "Kostukov_Alex"]
[Black "Machteldvf"]
[Result "1-0"]
[WhiteElo "2322"]
[BlackElo "2447"]
[TimeControl "180+1"]
[EndTime "14:53:09 PST"]
[Termination "Kostukov_Alex won by resignation"]

1. g3 Nf6 2. Bg2 g6 3. c4 Bg7 4.
Nf3 O-O 5. O-O d6 6. d4 Nbd7 7.
Nc3 e5 8. e4 Re8 9. h3 c6 10.
Re1 Qc7 11. Be3 h5 12. Qc2 Nf8 13. c5 dxc5 14. dxe5 N6d7 15. Rad1 b6 16. Bf4 Nxe5 17. Nxe5 Bxe5 18. Bxe5 Qxe5 19. f4 Qg7 20. e5 Bb7 21. Ne4 Re7 22. Nf6+ Kh8 23. Rd6 Re6 24. Red1 Rxd6 25.
Rxd6 Ne6 26. Kh2 Nd4 27. Qe4 Nf5 28. Rd7 Rb8 29. Nxh5 Qf8 30. e6 f6 31. Rf7 Qh6 32.
Nxf6 Nd6 33. Qe5 Nxf7 34. Qxb8+ Kg7 35. Ne8+ Kh7 36. Qxb7 Qf8 37. Qxf7+ 1-0

[Event "Late-Titled-Tuesday-Blitz-January-16-2024"]
[Site "Chess.com"]
[Date "2024.01.16"]
[Round "5"]
[White "Korchmar_Vasiliy"]
[Black "Njal28"]
[Result "1-0"]
[WhiteElo "2743"]
[BlackElo "3008"]
[TimeControl "180+1"]
[EndTime "14:53:10 PST"]
[Termination "Korchmar_Vasiliy won by checkmate"]

1. e4 e5 2. Nf3 Nc6 3. Bc4 Bc5 4. c3 Nf6 5. d3 d6 6. Bg5 a6 7. a4 Ba7 8. Nbd2 h6 9. Bh4 Qe7 10. b4 g5 11. Bg3 Nh7 12. O-O h5 13. h4 g4 14. Ne1 Nf8 15. Nc2 Ng6 16. Ne3 Be6 17. b5 Na5 18. bxa6 bxa6 19. Nd5 Bxd5 20. Bxd5 c6 21. Nc4 cxd5 22. Nxa5 Rc8 23. exd5 Nxh4 24. Nc6 Rxc6 25. dxc6 Nf5 26. d4 Qg5 27. c7 O-O 28.
Rb1 h4 29. Rb7 hxg3 30. Rxa7 Qh4 31. fxg3 Nxg3 32. Rxf7 Qh1+ 33. Kf2 Qxd1 34. Rxf8+ Kxf8 35. c8=Q# 1-0

[Event "Late-Titled-Tuesday-Blitz-January-16-2024"]
[Site "Chess.com"]
[Date "2024.01.16"]
[Round "5"]
[White "PawnEatingZombie"]
[Black "ChessSwole"]
[Result "0-1"]
[WhiteElo "2172"]
[BlackElo "2648"]
[TimeControl "180+1"]
[EndTime "14:53:10 PST"]
[Termination "ChessSwole won on time"]

1. e4 c5 2. c3 Nf6 3. e5 Nd5 4. Nf3 d6 5. Bb5+ Nc6 6. c4 Nb4 7. O-O a6 8. Ba4 Nd3 9. Qe2 Nxc1 10. Rxc1 e6 11. d4 Bd7 12. exd6 Bxd6 13. d5 Nd4 14. Bxd7+ Qxd7 15. Nxd4 cxd4 16. Re1 e5 17. f4 f6 18. Nd2 O-O 19. fxe5 fxe5 20. Ne4 Bb4 21. Rf1 b5 22. b3 Rac8 23. Ng5 Bc3 24. Rad1 Qd6 25. Qe4 g6 26. Ne6 Rxf1+ 27. Rxf1 bxc4 28. bxc4 Bd2 29. h4 Be3+ 30. Kh1 Qe7 31. c5 Bh6 32. g3 Bg7 33. c6 Qd6 34. Rc1 Bh6 35. Rc2 Qa3 36. Kg2 d3 37. Rf2 d2 38. Rf1 Qc1 0-1

[Event "Late-Titled-Tuesday-Blitz-January-16-2024"]
[Site "Chess.com"]
[Date "2024.01.16"]
[Round "5"]
[White "WindWhistler11"]
[Black "AkatsukiLogHorizon"]
[Result "1-0"]
[WhiteElo "2435"]
[BlackElo "2270"]
[TimeControl "180+1"]
[EndTime "14:53:10 PST"]
[Termination "WindWhistler11 won by resignation"]

1. Nf3 Nf6 2. c4 g6 3. g3 Bg7 4. Bg2 O-O 5. O-O d5 6. Nc3 d4 7.
Nb5 c5 8. e3 a6 9. Na3 Nc6 10.
exd4 Nxd4 11. Nxd4 Qxd4 12. d3 Rd8 13. Be3 Qd6 14.
Qb3 Ng4 15. Bf4 e5 16. Bg5 f6 17. Be3 Nxe3 18. fxe3 Rb8 19. Rad1 Be6 20. Qc2 Qe7 21. Nb1 f5 22. Nc3 b5 23. Bd5 b4 24. Bxe6+ Qxe6 25. Nd5 Bh6 26. Qe2 Kg7 27. b3 e4 28. d4 cxd4 29.
Rxd4 Kh8 30. Rfd1 Bg7 31. Nf4 Qe7 32. Rd5 Rxd5 33. cxd5 Qd6 34. Rc1 g5 35. Ne6 Qxd5 36. Nxg5 h6 37. Nh3 Bc3 38. Rd1 Qe6 39. Nf4 Qf6 40.
Qh5 Rc8 41. Rd7 Be5 42. Ng6+ Kg8 43. Ne7+ Kf8 44. Nxc8 1-0

[Event "Late-Titled-Tuesday-Blitz-January-16-2024"]
[Site "Chess.com"]
[Date "2024.01.16"]
[Round "5"]
[White "KamilGrycel"]
[Black "iwanyu"]
[Result "0-1"]
[WhiteElo "2519"]
[BlackElo "2673"]
[TimeControl "180+1"]
[EndTime "14:53:11 PST"]
[Termination "iwanyu won by resignation"]

1. d4 Nf6 2. Nf3 c5 3. c3 Qc7 4. g3 g6 5. Bg2 Bg7 6. O-O O-O 7. Qb3 d6 8. c4 cxd4 9. Nxd4 Nc6 10. Nb5 Qd8 11. Rd1 Be6 12. N1c3 Nd7 13. Nd5 Rc8 14. Be3 Na5 15. Qa3 Nxc4 16. Qxa7 Bxd5 17. Bxd5 Ra8 18. Qxb7 Rb8 19. Qa6 Nxe3 20. fxe3 Nc5 21. Qc6 Rb6 22.
Bxf7+ Kh8 23. Qxc5 dxc5 24. Rxd8 Rxd8 25. Bc4 Bxb2 26.
Rb1 Bf6 27. Kg2 Bg5 28. Kf3 Ra8 29. h4 Bh6 30. g4 Ra4 31. g5 Rxc4 32. gxh6 Rxh4 33. Rd1 Rxh6 34. Nc3 Rf6+ 35. Ke4 Rh4+ 36. Ke5 Rh5+ 37. Ke4 Re6+ 38. Kf3 Rf5+ 39. Kg4 h5+ 40.
Kg3 Rxe3+ 41. Kg2 Rxc3 0-1

[Event "Late-Titled-Tuesday-Blitz-January-16-2024"]
[Site "Chess.com"]
[Date "2024.01.16"]
[Round "5"]
[White "Sanyura"]
[Black "Maxfan2008"]
[Result "0-1"]
[WhiteElo "2627"]
[BlackElo "2517"]
[TimeControl "180+1"]
[EndTime "14:53:13 PST"]
[Termination "Maxfan2008 won on time"]

1. e4 c5 2. Nf3 d6 3. d4 cxd4 4. Nxd4 Nf6 5. Nc3 a6 6. g3 e5 7. Nb3 Be7 8. Bg2 O-O 9. O-O b5 10. a4 b4 11. Nd5 Nc6 12. a5 Be6 13. Be3 Nd7 14. Qd2 Nc5 15. Rfd1 Nxb3 16. cxb3 Bxd5 17. exd5 Nd4 18. Bxd4 exd4 19. Qxb4 Rb8 20. Qc4 Bf6 21.
b4 Qc8 22. Rac1 Qd7 23. Qxa6 Rxb4 24. Qc6 Qf5 25. a6 Rxb2 26. Rf1 Ra2 27. Qb7 d3 28. a7 Bd4 29. Ra1 Bxa1 30. Qb3 Rxa7 31. Qc4 Re7 32. Rxa1 d2 33. Qc3 Re1+ 0-1